 Dungeon Crawl Stone Soup version 0.30.1-11-g7821555f0a (webtiles) character file.

Game seed: 11552734148565452504

9 jagang the Trooper (level 2, 0/24 HPs)
             Began as a Demonspawn Berserker on Dec 13, 2023.
             Was a Follower of Trog.
             Succumbed to an adder's poison
             ... on level 2 of the Dungeon.
             The game lasted 00:01:03 (1305 turns).

jagang the Trooper (Demonspawn Berserker)           Turns: 1305, Time: 00:01:04

Health: 0/24       AC:  2    Str: 17    XL:     2   Next: 6%
Magic:  2/2        EV: 12    Int:  8    God:    Trog [*.....]
Gold:   54         SH:  0    Dex: 12    Spells: 1/1 levels left

rFire   . . .        a - +0 mace
rCold   . . .        (no shield)
rNeg    . . .        b - +0 animal skin
rPois   .            (no helmet)
rElec   .            (no cloak)
rCorr   .            (no gloves)
SInv    .            (no boots)
Will    .....        (no amulet)
Stlth   +            (no ring)
HPRegen 0.24/turn    (no ring)
MPRegen 0.08/turn

%: no passive effects
@: lethally poisoned (0 -> -1)
A: demonic guardian 1
a: Renounce Religion, Berserk


You were on level 2 of the Dungeon.
You worshipped Trog.
Trog was aware of your devotion.
You visited 1 branch of the dungeon, and saw 2 of its levels.

You collected 54 gold pieces.

Inventory:

Hand Weapons
 a - a +0 mace (weapon)
Armour
 b - a +0 animal skin (worn)
Scrolls
 d - 5 scrolls of identify {unknown}
 f - a scroll of immolation {unknown}
 h - a scroll of teleportation {unknown}
Potions
 c - a potion of might {unknown}
 e - a potion of berserk rage {unknown}
 g - a potion of curing {unknown}


   Skills:
 * Level 3.3 Fighting
 - Level 2.6 Maces & Flails
 + Level 2.0 Armour
 - Level 2.0 Dodging


You had one spell level left.
You didn't know any spells.
Your spell library was empty.

Dungeon Overview and Level Annotations

Branches:
Dungeon (2/15)

Altars:


Innate Abilities, Weirdness & Mutations

A weak demonic guardian rushes to your aid.


Message History

You closely miss the adder.
The adder is heavily wounded.
The adder bites you but does no damage.
You closely miss the adder.
The adder is heavily wounded.
The adder bites you. The adder completely misses you.
You closely miss the adder.
The adder is moderately wounded.
The adder bites you. x2
* * * LOW HITPOINT WARNING * * *
A demonic guardian appears!
You are lethally poisoned!
The adder poisons you!
You closely miss the adder.
The adder is moderately wounded.
* * * LOW HITPOINT WARNING * * *
You feel sick.
Your quasit closely misses the adder.
Your quasit barely misses the adder.
Your quasit closely misses the adder.
The adder completely misses you.
You hit the adder.
The adder is heavily wounded.
* * * LOW HITPOINT WARNING * * *
You feel sick. The adder bites you.
* * * LOW HITPOINT WARNING * * *
Your quasit closely misses the adder.
Your quasit barely misses the adder.
Your quasit claws the adder but does no damage.
The adder closely misses you.
Your quasit closely misses the adder.
Your quasit barely misses the adder.
Your quasit closely misses the adder.
You miss the adder.
The adder is heavily wounded.
* * * LOW HITPOINT WARNING * * *
You feel sick. The adder barely misses you.
Your quasit barely misses the adder.
Your quasit closely misses the adder.
Your quasit claws the adder.
Your quasit completely misses the adder.
Your quasit claws the adder.
Your quasit barely misses the adder.
The adder bites your quasit.
You barely miss the adder.
The adder is heavily wounded.
You die...

##########
##########........#
.....5S@.....####.#
###.######.....##.#
#.#.#.##.#
#.#...##.#
#.##..##.#
#.....##.#
#........#
####.##### #.#


You could see an adder (ally target) and a friendly quasit (summoned).

Vanquished Creatures
  A dart slug (D:1)
  A giant cockroach (D:1)
  A hobgoblin (D:2)
  2 ball pythons (D:1)
  A bat (D:1)
  A frilled lizard (D:1)
  A goblin (D:1)
  A rat (D:1)
9 creatures vanquished.

Notes
Turn   | Place    | Note
-------+----------+-------------------------------------------
     0 | D:1      | jagang the Demonspawn Berserker began the quest for the
                  | Orb.
     0 | D:1      | Reached XP level 1. HP: 18/18 MP: 1/1
  1085 | D:1      | Gained mutation: A weak demonic guardian rushes to your
                  | aid. [demonic ancestry]
  1085 | D:1      | Reached XP level 2. HP: 20/24 MP: 2/2
  1304 | D:2      | HP: 1/24 [poisoned by an adder]
  1305 | D:2      | Succumbed to an adder's poison

Illustrated notes

Levels and vault maps discovered:
D:1:      mrwooster_arrival_statue_3, layout_loops_corners,
          serial_co_window_serial, co_window_paths_a, co_window_paths_b,
          co_window_corner_a, co_window_corner_a, co_window_paths_b,
          co_window_paths_a, co_window_paths_a, co_window_corner_a,
          co_window_corner_a, co_window_2corner, co_window_corner_ca,
          co_window_2corner, co_window_of_opportunity_b, co_window_4corner_b,
          glass_columns_c, glass_columns_c, minmay_liquid_box,
          serial_bayou_crossing
D:2:      layout_loops_corners, basic_altar, serial_shops,
          nicolae_shop_rolling_square, chequers_mini_garden, uniq_sigmund

Skill      XL: |  1  2 |
---------------+-------+-----
Armour         | 2 |  2.0
Dodging        | 2 |  2.0
Fighting       | |  3.3
Maces & Flails | |  2.6

Action                     || total
---------------------------++-------
  Melee: Mace              ||    42
 Armour: Animal skin       ||     9
  Dodge: Dodged            ||    33
